 Dungeon Crawl Stone Soup version 0.18-b1-14-g029dad2 (webtiles) character file.

80609 varam the Executioner (level 15, -2/141 HPs)
             Began as a Minotaur Berserker on Apr 30, 2016.
             Was the Champion of Trog.
             Slain by an orc warrior
             ... wielding a +0 mace
              (5 damage)
             ... on level 2 of the Orcish Mines.
             The game lasted 01:55:32 (24698 turns).

varam the Executioner (Minotaur Berserker)         Turns: 24698, Time: 01:55:33

Health: -2/141     AC: 25    Str: 28    XL:     15   Next: 24%
Magic:  0/14       EV: 13    Int: 13    God:    Trog [******]
Gold:   2230       SH:  0    Dex: 12    Spells: 0 memorised, 14 levels left

rFire  . . .     SeeInvis .     V - +4 battleaxe (freeze)
rCold  . . .     Gourm    .     D - +6 chain mail of Summertime {-Cast Str+2 Int+9}
rNeg   . . .     Faith    .     (shield currently unavailable)
rPois  .         Spirit   +     (helmet restricted)
rElec  .         Dismiss  .     Q - +2 cloak
rCorr  .         Reflect  .     x - +1 pair of gloves
SustAt .         Harm     .     c - +0 pair of boots
MR     +....     NoCast   +     d - amulet of guardian spirit
Stlth  ..........               a - +4 ring of protection
                                q - +3 ring of protection

@: exhausted, corroded, slowed, very slow, somewhat resistant to hostile
enchantments, extremely unstealthy
A: retaliatory headbutt, horns 2
a: Berserk, Trog's Hand, Brothers in Arms, Burn Spellbooks, Renounce Religion


You were on level 2 of the Orcish Mines.
You worshipped Trog.
Trog was exalted by your worship.
You were hungry.

You visited 3 branches of the dungeon, and saw 24 of its levels.
You also visited: Sewer and Ossuary.

You collected 2477 gold pieces.
You spent 247 gold pieces at shops.

Inventory:

Hand Weapons
 V - a +4 battleaxe of freezing (weapon)
Armour
 c - a +0 pair of boots (worn)
 x - a +1 pair of gloves (worn)
 D - the +6 chain mail of Summertime (worn) {-Cast Str+2 Int+9}
   (You bought it in a shop on level 4 of the Dungeon)

   It affects your strength (+2).
   It affects your intelligence (+9).
   It prevents spellcasting.
 Q - a +2 cloak (worn)
Rods
 S - a +5 rod of clouds (10/10)
   (You found it on level 8 of the Lair of Beasts)
Jewellery
 a - a +4 ring of protection (right hand)
 d - an amulet of guardian spirit (around neck)
 q - a +3 ring of protection (left hand)
Wands
 A - a wand of heal wounds (6/9)
Scrolls
 e - 6 scrolls of magic mapping
 f - 10 scrolls of remove curse
 k - 3 scrolls of fear
 p - 7 scrolls of fog
 y - 3 scrolls of teleportation
 T - a scroll of summoning
Potions
 g - 18 potions of curing
 j - 10 potions of haste
 t - 5 potions of resistance
Comestibles
 b - 13 chunks of flesh
 r - 3 slices of pizza
 B - 15 fruits


   Skills:
 + Level 15.3 Fighting
 - Level 21.4 Axes
 + Level 13.9 Armour
 - Level 8.2 Dodging
 - Level 2.6 Stealth


You had 14 spell levels left.
You didn't know any spells.

Dungeon Overview and Level Annotations

Branches:
Dungeon (14/15)            Temple (0/1) D:5            Lair (8/8) D:8
  Swamp (0/4) Lair:4        Snake (0/4) Lair:4        Slime (0/6) Lair:8
    Orc (2/2) D:12         Vaults (0/5) D:14
    Elf: Orc:2

Altars:
Cheibriados
Dithmenos
Elyvilon
Fedhas
Gozag
Makhleb
Nemelex Xobeh
Qazlal
Ru
Sif Muna
Trog
Vehumet
Xom
Zin
The Shining One
Jiyva

Shops:
D:4 }}[?!   D:5 *

Annotations:
Lair:4 exclusion: 3 oklob plants


Innate Abilities, Weirdness & Mutations

You reflexively headbutt those who attack you in melee.
You have a pair of horns on your head.


Message History

* * * LOW HITPOINT WARNING * * *
The orc high priest hits you but does no damage.
Unknown command.
Unknown command.
Drink which item? (? for menu, Esc to quit)
You feel much better.
The orc high priest no longer looks unusually strong.
The orc no longer looks unusually strong.
The orc priest invokes the aid of Beogh against you.
Beogh smites you!
* * * LOW HITPOINT WARNING * * *
The orc priest invokes the aid of Beogh against you.
Beogh smites you!
* * * LOW HITPOINT WARNING * * *
The orc warrior barely misses you.
The orc warrior hits you but does no damage.
The orc high priest hits you with an enchanted short sword.
* * * LOW HITPOINT WARNING * * *
The orc warrior hits you with a mace.
You die... #.. .... #.o ..... #.. ...⌠. #.. ...... #.. oo....

#oo###.o....
####oo)oooo....
#....)ooooo.........
#....oo@o3oo....ooo
#.....###4o....ooo#
#..... #oo4......#
###### #o)§....{.#
#.........#
#......oo.#
###..)o.########
#...4...3......#
###.o43.#.....##


You could see a soul eater, an orc high priest, a hellwing, a rust devil, 10 orc
warriors, 6 orc priests, 3 orc wizards and 4 orcs.

Vanquished Creatures
  Maud (Lair:4)
  An orc warlord (Orc:2)
  A vampire knight (D:14)
  5 dire elephants (Lair:8)
  Snorg (Lair:8)
  3 vault guards (D:14)
  Josephine (D:10)
  8 hydras
  An anaconda (Lair:8)
  2 catoblepae
  A centaur warrior (D:14)
  2 orc high priests (Orc:2)
  Nergalle (D:12)
  Urug (Lair:4)
  Sonja (D:12)
  8 hill giants
  4 orc knights
  2 griffons (Lair:8)
  A deep elf mage (D:13)
  A necromancer (D:11)
  2 orc sorcerers (Orc:2)
  2 cyclopes (D:13)
  2 ugly things (D:12)
  A manticore (D:12)
  23 elephants
  5 black mambas
  Psyche (D:9)
  4 centaur skeletons
  11 spiny frogs
  11 komodo dragons
  The ghost of RudyRod the Grave Robber, a novice DsNe (D:4)
  A tengu conjurer (D:13)
  6 trolls
  A queen bee (shapeshifter) (D:14)
  A polar bear (Lair:7)
  A queen bee (Lair:3)
  A jumping spider (shapeshifter) (D:13)
  3 giant leeches (Lair:4)
  Prince Ribbit (D:9)
  A boulder beetle (Lair:7)
  A two-headed ogre (D:11)
  16 blink frogs
  Sigmund (D:2)
  A shadow (D:13)
  5 wraiths
  3 wyverns
  25 yaks
  A human (D:9)
  3 hungry ghosts
  12 hippogriffs
  A soldier ant (D:14)
  A naga (Lair:4)
  10 water moccasins
  11 porcupines
  9 ice beasts
  2 sky beasts
  A black bear (D:12)
  2 eyes of draining (D:4)
  16 orc warriors
  4 phantoms
  17 wolves
  6 ogres
  A necrophage (D:14)
  13 crocodiles
  9 centaurs
  2 big kobolds
  27 giant frogs
  4 scorpions
  A troll zombie (D:12)
  32 killer bees
  2 electric eels
  A wight (D:10)
  6 crimson imps
  4 centaur zombies
  A giant frog zombie (D:6)
  A jelly (D:14)
  2 quasits
  14 orc priests
  9 hounds
  A giant frog skeleton (D:4)
  19 orc wizards
  5 iguanas
  Terence (D:2)
  3 polar bear simulacra (D:11)
  6 worker ants
  A hell rat (D:5)
  4 wolf simulacra (D:11)
  A big kobold zombie (Ossuary)
  26 sheep
  6 ogre zombies (D:12)
  A hound zombie (D:5)
  A hound skeleton (D:10)
  5 mummies
  A worker ant zombie (D:5)
  7 gnolls (D:6)
  23 adders
  22 river rats
  A shadow imp (D:12)
  10 oozes
  2 adder skeletons
  3 worms
  2 dart slugs
  21 giant geckos
  67 orcs
  4 bats
  12 giant cockroaches
  9 goblins
  8 hobgoblins
  16 jackals
  30 kobolds
  6 quokkas
  10 ball pythons
  A giant gecko skeleton (D:8)
  17 giant newts
  A goblin skeleton (D:12)
  3 goblin zombies (D:12)
  4 hobgoblin zombies
  3 orc skeletons (D:12)
  16 orc zombies (D:12)
  A quokka skeleton (D:5)
  31 rats
  4 river rat simulacra (D:11)
  A bush (Lair:6)
  6 fungi
  12 plants
836 creatures vanquished.

Vanquished Creatures (collateral kills)
  A vault guard (D:14)
  An unseen horror (D:14)
  An orc sorcerer (Orc:2)
  An orc priest (Orc:2)
4 creatures vanquished.

Vanquished Creatures (others)
  A worker ant (D:13)
  11 fungi
  18 plants
30 creatures vanquished.

Grand Total: 870 creatures vanquished

Notes
Turn   | Place    | Note
--------------------------------------------------------------
     0 | D:1      | varam the Minotaur Berserker began the quest for the Orb.
     0 | D:1      | Reached XP level 1. HP: 19/19 MP: 0/0
   102 | D:1      | Reached XP level 2. HP: 21/27 MP: 1/1
   320 | D:1      | Reached skill level 4 in Axes
   455 | D:1      | Reached XP level 3. HP: 29/33 MP: 2/2
   457 | D:1      | Reached ** piety under Trog
   975 | D:2      | Noticed Sigmund
   981 | D:2      | Killed Sigmund
   981 | D:2      | Reached skill level 5 in Axes
   981 | D:2      | Reached XP level 4. HP: 41/41 MP: 3/3
   981 | D:2      | Reached XP level 5. HP: 47/47 MP: 4/4
   993 | D:2      | Found a burning altar of Makhleb.
   993 | D:2      | Found a radiant altar of Vehumet.
  1057 | D:2      | Reached skill level 5 in Fighting
  1507 | D:2      | Noticed Terence
  1516 | D:2      | Killed Terence
  1700 | D:3      | Reached XP level 6. HP: 56/56 MP: 5/5
  1809 | D:3      | Reached skill level 1 in Stealth
  1859 | D:3      | Found a snail-covered altar of Cheibriados.
  2314 | D:3      | Reached *** piety under Trog
  2325 | D:3      | Found a glowing drain.
  2329 | Sewer    | Entered a sewer
  2822 | Sewer    | Reached **** piety under Trog
  2835 | Sewer    | Reached skill level 5 in Dodging
  3033 | Sewer    | Reached skill level 6 in Axes
  3033 | Sewer    | Reached XP level 7. HP: 21/61 MP: 2/6
  3927 | D:4      | Found Xesig's Distillery.
  4031 | D:4      | Found Vuj Giz's Magic Scroll Boutique.
  4047 | D:4      | Found Aneri's Antique Armour Shoppe.
  4049 | D:4      | Noticed RudyRod's ghost (novice DsNe)
  4055 | D:4      | Killed RudyRod's ghost
  4055 | D:4      | Reached XP level 8. HP: 71/71 MP: 7/7
  4063 | D:4      | Bought a steaming chain mail for 247 gold pieces
  4073 | D:4      | Identified the +6 chain mail of Summertime {-Cast Str+2 Int+9} (You bought it in a shop on level 4 of the Dungeon)
  4116 | D:4      | Found Legazxep's Gadget Emporium.
  4172 | D:4      | Found Fuviem's Gadget Shoppe.
  4174 | D:4      | Found a stormy altar of Qazlal.
  4180 | D:4      | Found a blossoming altar of Fedhas.
  4361 | D:4      | Found a bloodstained altar of Trog.
  4370 | D:4      | Reached skill level 7 in Axes
  4504 | D:5      | Entered Level 5 of the Dungeon
  4617 | D:5      | Reached ***** piety under Trog
  4891 | D:5      | Found Muedetos's Assorted Antiques.
  5097 | D:5      | Found a shimmering altar of Xom.
  5097 | D:5      | Noticed an angel
  5125 | D:5      | Found a glowing silver altar of Zin.
  5235 | D:5      | Reached skill level 8 in Axes
  5457 | D:5      | Found a staircase to the Ecumenical Temple.
  5533 | D:5      | Reached skill level 5 in Armour
  5548 | D:5      | Found a sparkling altar of Nemelex Xobeh.
  5548 | D:5      | Found an opulent altar of Gozag.
  5747 | D:6      | Found a white marble altar of Elyvilon.
  5752 | D:6      | Found a glowing golden altar of the Shining One.
  5753 | D:6      | Found a sacrificial altar of Ru.
  5753 | D:6      | Found a deep blue altar of Sif Muna.
  5763 | D:6      | Reached XP level 9. HP: 79/79 MP: 8/8
  6043 | D:6      | Found a shadowy altar of Dithmenos.
  6152 | D:6      | Received a gift from Trog
  6607 | D:6      | Reached skill level 9 in Axes
  6749 | D:7      | Found a sand-covered staircase.
  6759 | Ossuary  | Entered an ossuary
  7951 | D:7      | Reached skill level 10 in Axes
  8327 | D:8      | Noticed an elephant
  8383 | D:8      | Killed an elephant
  8390 | D:8      | Reached XP level 10. HP: 78/90 MP: 9/9
  8450 | D:8      | Found a staircase to the Lair.
  9008 | D:8      | Got a shimmering leather armour
  9019 | D:8      | Identified the +3 leather armour of Refuge {MR+} (You found it on level 8 of the Dungeon)
  9438 | D:8      | Reached skill level 11 in Axes
  9840 | D:9      | Found a sparkling altar of Nemelex Xobeh.
  9962 | D:9      | Noticed Prince Ribbit
  9972 | D:9      | Killed Prince Ribbit
 10188 | D:9      | Noticed Psyche
 10190 | D:9      | Killed Psyche
 10225 | D:9      | Reached skill level 12 in Axes
 10227 | D:9      | Paralysed by fainting for 6 turns
 10244 | D:9      | Paralysed by fainting for 5 turns
 10530 | D:10     | Entered Level 10 of the Dungeon
 10914 | D:10     | Noticed a hill giant
 10914 | D:10     | Noticed a five-headed hydra
 10942 | D:10     | Killed a seven-headed hydra
 10942 | D:10     | Reached skill level 10 in Fighting
 10946 | D:10     | Killed a hill giant
 10946 | D:10     | Reached XP level 11. HP: 100/100 MP: 10/10
 11022 | D:10     | Noticed a hill giant
 11036 | D:10     | Killed a hill giant
 11128 | D:10     | Noticed Josephine
 11131 | D:10     | Killed Josephine
 11131 | D:10     | Reached skill level 13 in Axes
 11287 | D:10     | Reached skill level 10 in Armour
 11761 | D:11     | Noticed a hill giant
 11769 | D:11     | Killed a hill giant
 11813 | D:11     | Noticed a four-headed hydra
 11819 | D:11     | Reached ****** piety under Trog
 11821 | D:11     | Killed a seven-headed hydra
 12028 | D:11     | Noticed a necromancer
 12034 | D:11     | Reached skill level 14 in Axes
 12043 | D:11     | Killed a necromancer
 12043 | D:11     | Received a gift from Trog
 12075 | D:11     | Got a jewelled quick blade {god gift}
 12076 | D:11     | Identified the +10 quick blade "Biutz" {pierce, rPois rF- MR+++ Stlth+} (Trog gifted it to you on level 11 of the Dungeon)
 12701 | D:12     | Found a staircase to the Orcish Mines.
 12752 | D:12     | Noticed a six-headed hydra
 12759 | D:12     | Noticed Sonja
 12763 | D:12     | Killed a ten-headed hydra
 12763 | D:12     | Reached XP level 12. HP: 95/112 MP: 11/11
 12786 | D:12     | Noticed Nergalle
 13037 | D:12     | Killed Nergalle
 13112 | D:12     | Reached skill level 15 in Axes
 13203 | D:12     | Killed Sonja
 14426 | D:14     | Noticed a vampire knight
 14448 | D:14     | Reached skill level 16 in Axes
 14472 | D:14     | Paralysed by something for 5 turns
 15004 | D:14     | Killed a vampire knight
 15147 | D:14     | Noticed a centaur warrior
 15172 | D:14     | Killed a centaur warrior
 15250 | D:14     | Found a gate to the Vaults.
 15250 | D:14     | Noticed a vault guard
 15250 | D:14     | Noticed a vault guard
 15250 | D:14     | Noticed a vault guard
 15251 | D:14     | Noticed a vault guard
 15251 | D:14     | Noticed a rakshasa
 15251 | D:14     | Noticed a five-headed hydra
 15259 | D:14     | Killed a vault guard
 15301 | D:14     | Killed a vault guard
 15310 | D:14     | Killed a vault guard
 15310 | D:14     | Reached XP level 13. HP: 119/122 MP: 12/12
 15320 | D:14     | Killed a vault guard
 15320 | D:14     | Reached skill level 17 in Axes
 15560 | D:14     | Received a gift from Trog
 16054 | Lair:1   | Entered Level 1 of the Lair of Beasts
 17144 | Lair:2   | Reached skill level 18 in Axes
 17579 | Lair:2   | Found a dark tunnel.
 18308 | Lair:3   | Received a gift from Trog
 18346 | Lair:3   | Reached skill level 19 in Axes
 18782 | Lair:4   | Found a staircase to the Swamp.
 18871 | Lair:4   | Noticed Maud
 18880 | Lair:4   | Killed Maud
 19126 | Lair:4   | Found a staircase to the Snake Pit.
 19269 | Lair:4   | Noticed Urug
 19279 | Lair:4   | Killed Urug
 20159 | Lair:5   | Received a gift from Trog
 20162 | Lair:5   | Reached XP level 14. HP: 129/129 MP: 10/13
 20166 | Lair:5   | Reached skill level 20 in Axes
 21578 | Lair:7   | Reached skill level 21 in Axes
 22376 | Lair:8   | Entered Level 8 of the Lair of Beasts
 22381 | Lair:8   | Received a gift from Trog
 22599 | Lair:8   | Noticed Snorg
 22618 | Lair:8   | Killed Snorg
 22875 | Lair:8   | Received a gift from Trog
 22924 | Lair:8   | Found a viscous altar of Jiyva.
 22924 | Lair:8   | Found a staircase to the Slime Pits.
 23434 | Lair:8   | Got a translucent halberd
 23435 | Lair:8   | Identified the +5 halberd "Lohur" {chop, rF++} (You found it on level 8 of the Lair of Beasts)
 23443 | Lair:8   | Identified a +5 rod of clouds (10/10) (You found it on level 8 of the Lair of Beasts)
 23752 | Lair:8   | Reached XP level 15. HP: 129/139 MP: 12/14
 24226 | Orc:1    | Entered Level 1 of the Orcish Mines
 24407 | Orc:2    | Entered Level 2 of the Orcish Mines
 24511 | Orc:2    | Found a burning altar of Makhleb.
 24652 | Orc:2    | Noticed an orc warlord
 24654 | Orc:2    | Paralysed by an orc sorcerer for 6 turns
 24673 | Orc:2    | Reached skill level 15 in Fighting
 24679 | Orc:2    | Killed an orc warlord
 24679 | Orc:2    | Received a gift from Trog
 24697 | Orc:2    | HP: 7/141 [orc warrior/glaive (8)]
 24697 | Orc:2    | HP: 3/141 [orc warrior/mace (4)]
 24698 | Orc:2    | Slain by an orc warrior

Skill      XL: |  1  2  3  4  5  6  7  8  9 10 11 12 13 14 15 |
---------------+----------------------------------------------+-----
Fighting       | 4 5 6 7 8 10 11 13 14 15 | 15.3
Axes           | 4 5 6 8 10 12 14 16 19 21 | 21.4
Dodging        | 4 5 7 8 |  8.2
Stealth        | 1 2 |  2.6
Armour         | 3 5 7 9 11 13 | 13.9

Action                   |  1- 3 |  4- 6 |  7- 9 | 10-12 | 13-15 || total
-------------------------+-------+-------+-------+-------+-------++-------
Melee: Hand axe          |    62 |   181 |   195 |       |       ||   438
       Headbutt          |     6 |    26 |    83 |   127 |   229 ||   471
       Battleaxe         |       |       |   135 |   502 |   864 ||  1501
       Halberd           |       |       |       |       |     8 ||     8
Invok: Berserk           |     1 |     1 |     4 |    13 |    17 ||    36
       Trog's Hand       |       |       |     1 |     3 |     3 ||     7
       Burn Spellbooks   |       |       |       |     1 |     3 ||     4
       Brothers in Arms  |       |       |       |     3 |     1 ||     4
  Use: Scroll            |       |       |     9 |     4 |     9 ||    22
       Potion            |       |       |       |     3 |     1 ||     4
 Stab: Sleeping          |     2 |     4 |       |       |       ||     6
  Eat: Chunk             |       |     6 |    18 |    28 |    39 ||    91
       Royal jelly       |       |     1 |       |     2 |       ||     3
       Meat ration       |       |       |     1 |       |       ||     1
       Pizza             |       |       |     1 |     4 |     4 ||     9
       Fruit             |       |       |       |     1 |     4 ||     5
Armor: Animal skin       |     8 |    24 |     2 |       |       ||    34
       Ring mail         |       |       |     2 |       |       ||     2
       Chain mail        |       |       |   132 |   314 |   550 ||   996
Dodge: Dodged            |    39 |   152 |   169 |   289 |   433 ||  1082
